cohdb
Replays
Latest Replays
All Replays
Popular Replays
Top Player Replays
Match Explorer
How It Works
Community
CoH3 Stats
Reddit
Sign in to upload your games and track your stats! →
Sign in with Steam
Match 45645891
Unlisted
Match 45645891
Overview
Messages
Build Orders
End
Construct Barracks
Riflemen Squad
Riflemen Squad
Riflemen Squad
Construct Weapon Support Center
Bazooka Squad
Grenade Package
Infantry Support Center
M3 Armored Personnel Carrier
M1918 Browning Automatic Rifles
Engineer Squad
M3 Armored Personnel Carrier
Riflemen Squad
M3 Armored Personnel Carrier
Selects Airborne Battlegroup
Selects Heavy Machine Gun Paradrop
Selects Paratrooper Squad Paradrop
Selects Anti-tank Gun Team Paradrop
Selects Recon Loiter
Selects Supply Drop
Selects Carpet Bombing Run
Construct Tank Depot
Anti-tank Gun Team Paradrop
Supply Drop
Recon Loiter
Carpet Bombing Run
Construct Tank Depot
M18 Hellcat Tank Destroyer
Recon Loiter
TheBBCKing
cocopang
traat
Homam
Konrad Curze
FLOKL
0
0
Comments
sign in to comment!
No comments posted yet!